 Dungeon Crawl Stone Soup version 0.29.1-1-gd02db6906a (webtiles) character file.

Game seed: 18273540037500249279

37 Ashen the Magician (level 3, 25/25 HPs)
             Began as a Demonspawn Hedge Wizard on Oct 12, 2022.
             Got out of the dungeon alive.
             The game lasted 00:02:23 (1477 turns).

Ashen the Magician (Demonspawn Hedge Wizard)        Turns: 1477, Time: 00:02:24

Health: 25/25      AC:  7    Str: 10    XL:     3   Next: 23%
Magic:  7/7        EV: 16    Int: 17    God:
Gold:   120        SH:  0    Dex: 12    Spells: 7/8 levels left

rFire   . . .      SeeInvis .   i - +1 whip (elec)
rCold   . . .      Faith    .   (no shield)
rNeg    . . .      Spirit   .   b - +0 robe
rPois   .          Reflect  .   l - +0 helmet
rElec   .          Harm     .   (no cloak)
rCorr   .          Rampage  .   (no gloves)
Will    .....                   (no boots)
Stlth   ++........              (no amulet)
HPRegen 0.08/turn               j - +4 ring of protection
MPRegen 0.10/turn               m - +4 ring of evasion

@: no status effects
A: hooves 1, demonic magic 1
a: no special abilities


You escaped.
You visited 1 branch of the dungeon, and saw 2 of its levels.

You collected 120 gold pieces.

Inventory:

Hand Weapons
 i - a +1 whip of electrocution (weapon)
Armour
 b - a +0 robe (worn)
 l - a +0 helmet (worn)
Jewellery
 a - a ring of protection from cold
 j - a +4 ring of protection (left hand)
 m - a +4 ring of evasion (right hand)
Scrolls
 g - 2 scrolls of fear
 h - a scroll of amnesia {unknown}
 o - a scroll of summoning {unknown}
Potions
 c - a potion of brilliance {unknown}
 d - a potion of magic
 e - 2 potions of flight {unknown}
 f - a potion of might {unknown}
 k - a potion of heal wounds {unknown}
 n - 2 potions of invisibility {unknown}
 p - a potion of haste {unknown}


   Skills:
 + Level 0.7 Fighting
 + Level 2.0 Dodging
 + Level 2.0 Stealth
 * Level 3.3 Spellcasting
 * Level 1.9 Conjurations
 - Level 1.0 Summonings
 - Level 0.8 Translocations


You had 7 spell levels left.
You knew the following spells:

 Your Spells              Type           Power      Damage    Failure   Level
a - Magic Dart            Conj           36%        1d4       8%          1

Your spell library contained the following spells:

 Spells                   Type           Power      Damage    Failure   Level
 Slow                     Hex            8%         N/A       17%         1
 Call Imp                 Summ           6%         N/A       17%         2
 Blink                    Tloc           10%        N/A       19%         2
 Conjure Flame            Conj/Fire      6%         6-21      34%         3
 Mephitic Cloud           Conj/Pois/Air  5%         N/A       36%         3


Dungeon Overview and Level Annotations

Branches:
Dungeon (2/15)

Altars:


Innate Abilities, Weirdness & Mutations

You have large cloven feet.
Spells you cast may paralyse adjacent enemies.


Message History

The adder is heavily wounded.
Malevolent energies surge around you.
Casting: Magic Dart (safe; 10% risk of failure)
Confirm with . or Enter, or press ? or * to list all spells.
Aiming: Magic Dart (safe; 10% risk of failure)
Press: ? - help, Shift-Dir - straight line, f/p - adder
Aim: an adder (heavily wounded, 100% to hit)
The magic dart hits the adder.
The adder is severely wounded.
Malevolent energies surge around you. The adder misses you.
Casting: Magic Dart (safe; 10% risk of failure)
Confirm with . or Enter, or press ? or * to list all spells.
You don't have enough magic to cast this spell.
You closely miss the adder.
The adder is severely wounded.
The adder misses you.
You closely miss the adder.
The adder is severely wounded.
The adder closely misses you. x2
You hit the adder.
You kill the adder!
You have reached level 3!
Your experience leads to an increase in your attributes!
Increase (S)trength, (I)ntelligence, or (D)exterity?
You feel clever. x2
You feel monstrous as your demonic heritage exerts itself.
Your demonic ancestry asserts itself...
Your feet thicken and deform.
You see here a bat corpse.
Found a trident.
You see here an adder corpse.
There is a stone staircase leading up here.
You climb upwards.
There is a stone staircase leading down here.
Magic restored.
You open the door.
There is an open door here.
There is a staircase leading out of the dungeon here.
Are you sure you want to leave the Dungeon?
This will make you lose the game!
You have escaped!

#.........# #.# #.#######.#
#.# ### #.# #.# #.# ##.##
#.#######.######.##
##.#.########.............(.
#.#......# #########[##....
##...#####♣#♣# #.######
##.#...##.♣.## #.#
#.#.###P#@#P# #.# #.#.#
##P.P## #.# #.#.# #P♣.♣P# #.#
#.#.# #♣...♣#######.# ###.#.#
#.....#......)###### ##..#..#
#.~8~.#######.......
#..###.###.~~~.#......(......
#.#.#....#.~#~.#######.######
##.#...####'###'# #.######


There were no monsters in sight!

Vanquished Creatures
  2 adders (D:2)
  A dart slug (D:2)
  3 bats
  2 endoplasms
  4 goblins
  A hobgoblin (D:2)
  3 kobolds
  A rat (D:1)
17 creatures vanquished.

Notes
Turn   | Place    | Note
-------+----------+-------------------------------------------
     0 | D:1      | Ashen the Demonspawn Hedge Wizard began the quest for the
                  | Orb.
     0 | D:1      | Reached XP level 1. HP: 13/13 MP: 4/4
   906 | D:2      | Gained mutation: Spells you cast may paralyse adjacent
                  | enemies. [demonic ancestry]
   906 | D:2      | Reached XP level 2. HP: 19/19 MP: 6/6
  1347 | D:2      | Discovered your monstrous ancestry.
  1347 | D:2      | Gained mutation: You have large cloven feet. [demonic
                  | ancestry]
  1347 | D:2      | Reached XP level 3. HP: 25/25 MP: 0/7
  1477 | D:$      | Got out of the dungeon alive.

Illustrated notes

Levels and vault maps discovered:
D:1:      tarquinn_simple_flora_water_d, layout_loops_ring, supply_closet_lemuel
D:2:      layout_rooms

Skill      XL: |  1  2 |
---------------+-------+-----
Dodging        | 2 |  2.0
Stealth        | 2 |  2.0
Fighting       | |  0.7
Spellcasting   | |  3.3
Conjurations   | |  1.9
Summonings     | |  1.0
Translocations | |  0.8

Action                   || total
-------------------------++-------
Melee: Whip              ||    10
       Dagger            ||     1
       Punch             ||     1
 Cast: Magic Dart        ||    40
  Use: Scroll            ||     1
 Stab: Sleeping          ||     3
Armor: Robe              ||     4
Dodge: Dodged            ||    15
